 Dungeon Crawl Stone Soup version 0.31-a0-232-gb1c03b2570 (webtiles) character file.

Game seed: 15468165410883695274

76 qw the Shooter (level 4, -3/26 HPs)
             Began as a Gargoyle Hexslinger on July 7, 2023.
             Slain by a gnoll
             ... wielding a +0 flail
              (5 damage)
             ... on level 2 of the Dungeon.
             The game lasted 00:00:39 (1422 turns).

qw the Shooter (Gargoyle Hexslinger)                Turns: 1422, Time: 00:00:39

Health: -3/26      AC:  6    Str: 11    XL:     4   Next: 32%
Magic:  5/5        EV:  6    Int: 14    God:
Gold:   72         SH:  0    Dex: 14    Spells: 4/5 levels left

rFire   . . .        Y - +1 sling
rCold   . . .        (no shield)
rNeg    + . .        c - +0 robe
rPois   inf          (no helmet)
rElec   +            (no cloak)
rCorr   .            (no gloves)
SInv    .            d - +0 pair of boots
Will    .....        (no amulet)
Stlth   +            (no ring)
HPRegen 0.24/turn    (no ring)
MPRegen 0.09/turn

%: no passive effects
@: held
A: sickness immunity, AC +3, negative energy resistance 1, electricity
resistance, torment resistance 1, petrification resistance
a: no special abilities


You were on level 2 of the Dungeon.
You visited 1 branch of the dungeon, and saw 2 of its levels.

You collected 72 gold pieces.


Innate Abilities, Weirdness & Mutations

You are immune to sickness and miasma.
Your stone body is resilient. (AC +3)
You are immune to poison.
You resist negative energy. (rN+)
You are resistant to electric shocks. (rElec)
You are resistant to unholy torment.
You are immune to petrification.


   Skills:
 - Level 2.0 Fighting
 + Level 4.1 Ranged Weapons
 - Level 1.5 Dodging
 - Level 1.0 Spellcasting
 - Level 2.6 Hexes


You had 4 spell levels left.
You knew the following spells:

 Your Spells              Type           Power      Damage    Failure   Level
a - Slow                  Hex            32%        N/A       9%          1

Your spell library contained the following spells:

 Spells                   Type           Power      Damage    Failure   Level
 Inner Flame              Hex/Fire       4%         N/A       41%         3
 Portal Projectile        Hex/Tloc       8%         N/A       41%         3
 Cause Fear               Hex            4%         N/A       65%         4

Inventory:

Hand Weapons
 Y - a +1 sling (weapon)
Armour
 c - a +0 robe (worn)
 d - a +0 pair of boots (worn)
 k - a +0 ring mail
Scrolls
 a - a scroll of identify
 b - a scroll of teleportation {unknown}
 e - a scroll of torment {unknown}
 h - a scroll of amnesia {unknown}
 i - a scroll of revelation {unknown}
Potions
 f - a potion of haste
 g - a potion of curing {unknown}
 j - a potion of lignification {unknown}

Dungeon Overview and Level Annotations

Branches:
Dungeon (2/15)

Altars:


Message History

A gnoll comes into view. It is wielding a +0 halberd.
Found 13 gold pieces, a cabochon ring and a ruby potion.
Enter note:
Enter note:
Enter note:
Enter note:
Enter note:
Enter note:
Enter note:
Enter note:
Enter note:
Enter note:
Enter note:
Enter note:
1412 ||| Stepping ~*~*~tactically~*~*~ (outnumbered).
1414 ||| Stepping ~*~*~tactically~*~*~ (outnumbered).
The gnoll shouts! x2
You shoot a sling bullet. The sling bullet hits the gnoll!
The gnoll is severely wounded.
You shoot a sling bullet.
The sling bullet barely misses the gnoll.
The sling bullet hits the gnoll.
The gnoll is heavily wounded.
The gnoll hits you but does no damage.
You shoot a sling bullet.
The sling bullet barely misses the gnoll.
The gnoll misses you. The gnoll hits you but does no damage.
You shoot a sling bullet.
The sling bullet barely misses the gnoll.
The gnoll hits you with a +0 whip.
The gnoll throws a throwing net.
The throwing net hits you.
You become entangled in the net!
You struggle against the net.
The gnoll hits you with a +0 whip. The gnoll hits you but does no damage.
You struggle against the net.
The gnoll hits you with a +0 whip. The gnoll barely misses you.
The gnoll hits you but does no damage.
The gnoll hits you from afar with a +0 halberd!
You tear a large gash into the net.
The gnoll hits you with a +0 whip. x2; The gnoll hits you with a +0 flail.
You die...

...#.# #......##..##)#..
.#...# #....#.##..'%.)..
###### !
#....#.##..##)#.. ......
.. #....#.##...####'
###### ...
######....#...#.. # ....
##### ########.##. #
..... #...# #..## #
=.....#g..###########...
#
...$.gg@..#........#####
# .....##g...........# #
# .... #...#........# #
# .. ##...#........# #
#....####.....# # ###
#....# #......# # ..#
########...## #......###
# ..# #......#...#
#........# # ..#
#......#...# ########.#
#


You could see 4 gnolls.

Vanquished Creatures
  An adder (D:2)
  3 dart slugs
  2 endoplasms
  9 hobgoblins
  5 jackals (D:1)
  5 kobolds
  A quokka (D:2)
  7 ball pythons
  6 bats
  A frilled lizard (D:1)
  10 goblins
  4 rats
54 creatures vanquished.

Notes
Turn   | Place    | Note
-------+----------+-------------------------------------------
     0 | D:1      | qw the Gargoyle Hexslinger began the quest for the Orb.
     0 | D:1      | Reached XP level 1. HP: 12/12 MP: 2/2
     0 | D:1      | 0 ||| qw: Version: 0.3-a-46-gb1f654a
     0 | D:1      | 0 ||| qw: Game counter: 2856
     0 | D:1      | 0 ||| qw: Melee chars always use a shield: true
     0 | D:1      | 0 ||| qw: God list: Okawaru
     0 | D:1      | 0 ||| qw: Allow faded altars: false
     0 | D:1      | 0 ||| qw: Do Orc after clearing Dungeon:15 true
     0 | D:1      | 0 ||| qw: Do second Lair branch before Depths: true
     0 | D:1      | 0 ||| qw: Lair rune preference: random
     0 | D:1      | 0 ||| qw: Goals: Normal
     0 | D:1      | 0 ||| PLANNING D:1-11
   120 | D:1      | Reached XP level 2. HP: 15/16 MP: 3/3
   139 | D:1      | Reached skill level 3 in Ranged Weapons
   140 | D:1      | 140 ||| FLEEEEING.
   157 | D:1      | 157 ||| FLEEEEING.
   158 | D:1      | 158 ||| FLEEEEING.
   273 | D:1      | Found a faded altar of an unknown god.
   466 | D:1      | Reached XP level 3. HP: 20/21 MP: 4/4
   677 | D:1      | 677 ||| UPGRADING to +0 pair of boots.
   682 | D:1      | 682 ||| READING 3 scrolls labelled BOCETI BUQOREIG.
   683 | D:1      | 683 ||| READING 2 scrolls of identify.
   683 | D:1      | 683 ||| IDENTIFYING fizzy clear potion
   684 | D:1      | 684 ||| DROPPING scroll of poison.
   789 | D:2      | HP: 4/21 [hobgoblin (2)]
   794 | D:2      | HP: 1/21 [hobgoblin (3)]
   865 | D:2      | Reached XP level 4. HP: 18/26 MP: 5/5
  1041 | D:2      | Reached skill level 4 in Ranged Weapons
  1412 | D:2      | 1412 ||| Stepping ~*~*~tactically~*~*~ (outnumbered).
  1414 | D:2      | 1414 ||| Stepping ~*~*~tactically~*~*~ (outnumbered).
  1422 | D:2      | HP: 2/26 [gnoll/+0 whip (5)]
  1422 | D:2      | Slain by a gnoll

Levels and vault maps discovered:
D:1:      ebering_hopf_link, layout_loops_ring,
          ebering_ecumenical_altar_petrified, chequers_jeans,
          minmay_pentomino_o2
D:2:      cheibrodos_greedy_goblins, layout_basic

Skill      XL: |  1  2  3  4 |
---------------+-------------+-----
Ranged Weapons | 3 4 |  4.1
Fighting       | 2 |  2.0
Dodging        | |  1.5
Spellcasting   | |  1.0
Hexes          | |  2.6

Action                     |  1- 3 |  4- 6 || total
---------------------------+-------+-------++-------
   Fire: Sling             |   103 |    52 ||   155
    Use: Scroll            |     2 |       ||     2
 Armour: Robe              |    29 |    12 ||    41
  Dodge: Dodged            |    49 |    24 ||    73

Table legend:
 A = Non-vault XP
 B = Vault XP
 C = Vault XP percentage of total XP
 D = Non-vault monster count
 E = Vault monster count
 F = Vault count percentage of total count
                 A         B        C        D         E       F
            +---------+---------+-------+---------+---------+-------
      Total |      87 |      22 |  20.2 |      43 |      11 |  20.4
            +---------+---------+-------+---------+---------+-------
        D:1 |      42 |       2 |   4.5 |      24 |       1 |   4.0
        D:2 |      45 |      20 |  30.8 |      19 |      10 |  34.5
            +---------+---------+-------+---------+---------+-------
